 Dungeon Crawl Stone Soup version 0.29-a0-364-g921d912d32 (webtiles) character file.

Game seed: 3202508233631904003

144 Sweeb the Shield-Bearer (level 5, -2/42 HPs)
             Began as a Formicid Fighter on May 1, 2022.
             Slain by an ogre
             ... wielding a +0 giant spiked club
              (20 damage)
             ... on level 4 of the Dungeon.
             The game lasted 00:03:40 (2537 turns).

Sweeb the Shield-Bearer (Formicid Fighter)          Turns: 2537, Time: 00:03:41

Health: -2/42      AC:  7    Str: 20    XL:     5   Next: 52%
Magic:  6/6        EV: 10    Int: 10    God:
Gold:   144        SH:  5    Dex: 10    Spells: 6/6 levels left

rFire   . . .      SeeInvis +   a - +0 quarterstaff
rCold   . . .      Faith    .   c - +0 buckler
rNeg    . . .      Spirit   .   o - +0 ring mail
rPois   .          Reflect  .   (helmet unavailable)
rElec   .          Harm     .   p - +1 cloak
rCorr   .          Rampage  .   (no gloves)
Will    .....                   (no boots)
Stlth   ..........              e - amulet of the acrobat
HPRegen 0.14/turn               (no ring)
MPRegen 0.10/turn               (no ring)

@: mighty
A: permanent stasis, dig shafts and tunnels, antennae 3, four strong arms
a: Dig, Shaft Self


You were on level 4 of the Dungeon.
You visited 1 branch of the dungeon, and saw 4 of its levels.

You collected 144 gold pieces.

Inventory:

Hand Weapons
 a - a +0 quarterstaff (weapon)
Armour
 c - a +0 buckler (worn)
 o - a +0 ring mail (worn)
 p - a +1 cloak (worn)
Jewellery
 e - an amulet of the acrobat (around neck)
 g - an amulet of magic regeneration
 n - an amulet of faith
Scrolls
 f - a scroll of identify
 l - a scroll of magic mapping
Potions
 b - a potion of mutation
 h - 2 potions of curing
 i - a potion of cancellation {unknown}
 j - a potion of resistance {unknown}
 k - 2 potions of heal wounds
 m - a potion of invisibility


   Skills:
 + Level 4.0 Fighting
 * Level 3.4 Staves
 - Level 3.2 Armour
 * Level 5.1 Shields
 + Level 1.1 Spellcasting


You had 6 spell levels left.
You didn't know any spells.
Your spell library was empty.

Dungeon Overview and Level Annotations

Branches:
Dungeon (4/15)
 Temple: D:4-7

Altars:


Innate Abilities, Weirdness & Mutations

You cannot be hasted, slowed, berserked, paralysed or teleported.
You can dig through walls and to a lower floor.
You have a pair of large antennae on your head. (SInv)
Your four strong arms can wield two-handed weapons with a shield.


Message History

The hobgoblin hits you but does no damage.
You hit the hobgoblin.
The hobgoblin is moderately wounded.
The hobgoblin hits you but does no damage. x2
You hit the hobgoblin.
The hobgoblin is heavily wounded.
The hobgoblin hits you but does no damage.
You barely miss the hobgoblin.
The hobgoblin is heavily wounded.
The hobgoblin hits you but does no damage.
You barely miss the hobgoblin.
The hobgoblin is heavily wounded.
You block the hobgoblin's attack.
You completely miss the hobgoblin.
The hobgoblin is heavily wounded.
The hobgoblin barely misses you.
You sock the hobgoblin!
You kill the hobgoblin!
Non-targeted abil: Dig
Press: ? - help, Q - select action, (/) - cycle Dir - look around, f - activate You extend your mandibles.
You retract your mandibles.
You don't know any spells.
Unknown command.
Unknown command.
You sock the ogre!
The ogre is heavily wounded.
You block the ogre's attack.
You hit the ogre.
The ogre is heavily wounded.
The ogre hits you with a +0 giant spiked club!!
Ouch! That really hurt!
You feel very mighty all of a sudden. The ogre hits you but does no damage.
You barely miss the ogre.
The ogre is heavily wounded.
You hit the ogre.
The ogre is severely wounded.
The ogre hits you with a +0 giant spiked club!!
You die...

......<...
.........#########
........g#........
......O..#........
.........#........
.........#........
.<.......'........
..########O.......
######......@........
.....................
.......<.....########
...........).#
.............#
.............# {
.............#
......#+###### ......


You could see an ogre.

Vanquished Creatures
  5 adders
  2 worms (D:3)
  A dart slug (D:3)
  5 ball pythons
  9 endoplasms
  4 giant cockroaches
  8 goblins
  7 hobgoblins
  6 jackals (D:1)
  15 kobolds
  4 quokkas
  6 bats
  8 frilled lizards
  5 rats
85 creatures vanquished.

Notes
Turn   | Place    | Note
-------+----------+-------------------------------------------
     0 | D:1      | Sweeb the Formicid Fighter began the quest for the Orb.
     0 | D:1      | Reached XP level 1. HP: 18/18 MP: 1/1
   268 | D:1      | Reached XP level 2. HP: 24/24 MP: 2/2
   282 | D:1      | Reached skill level 4 in Shields
   489 | D:1      | Reached XP level 3. HP: 29/29 MP: 3/3
  1243 | D:2      | Reached XP level 4. HP: 32/37 MP: 4/4
  1782 | D:2      | Reached XP level 5. HP: 37/42 MP: 6/6
  1948 | D:3      | Reached skill level 1 in Spellcasting
  2072 | D:3      | Reached skill level 5 in Shields
  2515 | D:4      | Noticed an ogre
  2537 | D:4      | Slain by an ogre

Illustrated notes

Levels and vault maps discovered:
D:1:      minmay_arrival_widening_spiral_wide, layout_basic
D:2:      minmay_chambers_of_twos, layout_basic, minmay_misc_feat_hallway,
          chequers_serial_rivers_micro_e, st_stairs_4
D:3:      layout_basic
D:4:      layout_gridville, minmay_temple_entry_sparse_star,
          minmay_fractal_squares_diagonal_5

Skill      XL: |  1  2  3  4  5 |
---------------+----------------+-----
Shields        | 4 5 |  5.1
Staves         | 3 |  3.4
Fighting       | 4 |  4.0
Spellcasting   | 1 |  1.1
Armour         | |  3.2

Action                   |  1- 3 |  4- 6 || total
-------------------------+-------+-------++-------
Melee: Quarterstaff      |   101 |   121 ||   222
 Abil: Dig               |       |     2 ||     2
  Use: Scroll            |       |     8 ||     8
       Potion            |       |     1 ||     1
Armor: Scale mail        |    28 |     5 ||    33
       Ring mail         |       |    31 ||    31
Dodge: Dodged            |    51 |    84 ||   135
Block: Buckler           |    21 |    31 ||    52

Table legend: (Time is in decaauts)
 A = Elapsed time spent in this place.
 B = Non-inter-level travel time spent in this place.
 C = Inter-level travel time spent in this place.
 D = Time resting spent in this place.
 E = Time spent auto-exploring this place.
 F = Levels seen in this place.
 G = Mean time per level.
                   A        B        C        D        E       F      G
               +--------+--------+--------+--------+--------+-----+--------+
         Total |   2578 |   2540 |     38 |    264 |   1688 |   4 |  644.5 |
       Dungeon |   2578 |   2540 |     38 |    264 |   1688 |   4 |  644.5 |
               +--------+--------+--------+--------+--------+-----+--------+

Top non-repeatable levels by time:
     D:1: 1183 daAuts
     D:2: 790 daAuts
     D:3: 561 daAuts
     D:4: 42 daAuts
